 Dungeon Crawl Stone Soup version 0.25-a0-62-g88673ef095 (webtiles) character file.

Game seed: 11396649513979381005, levelgen mode: deterministic

16292 MrRokkomies the Covert (level 12, -14/62 HPs)
             Began as a Spriggan Assassin on Oct 31, 2019.
             Was the Champion of Okawaru.
             Demolished by an orc knight
             ... wielding a +0 halberd
              (32 damage)
             ... in a bailey.
             The game lasted 00:42:52 (19083 turns).

MrRokkomies the Covert (Spriggan Assassin)         Turns: 19083, Time: 00:42:52

Health: -14/62     AC:  8    Str: 11    XL:     12   Next: 8%
Magic:  13/13      EV: 16    Int: 12    God:    Okawaru [******]
Gold:   231        SH: 13    Dex: 19    Spells: 8/11 levels left

rFire    . . .     SeeInvis +   a - +1 dagger (venom)
rCold    . . .     Gourm    .   p - +2 buckler {AC+3}
rNeg     . . .     Faith    .   D - +2 robe {MR+}
rPois    +         Spirit   .   (helmet restricted)
rElec    .         Reflect  +   c - +0 cloak
rCorr    .         Harm     .   (gloves unavailable)
MR       +++..                  (boots unavailable)
Stlth    +++++++...             i - +4 amulet of reflection
HPRegen  0.20/turn              b - ring of poison resistance
MPRegen  0.13/turn              F - ring of stealth

@: very quick
A: very small, unfitting armour, see invisible, herbivore, speed 3, slow
metabolism 2
a: Heroism, Finesse, Renounce Religion


You were in a bailey.
You worshipped Okawaru.
Okawaru was exalted by your worship.
You were not hungry.

You visited 1 branch of the dungeon, and saw 11 of its levels.
You also visited: Bailey.

You collected 665 gold pieces.
You spent 434 gold pieces at shops.

Inventory:

Hand Weapons
 a - a +1 dagger of venom (weapon)
 E - a +1 falchion of flaming
 M - a +2 rapier of holy wrath
 N - the +1 dagger of the Coward {pain, rElec Dex+3}
   (You bought it in a shop on level 11 of the Dungeon)

   In the hands of one skilled in necromantic magic, it inflicts extra damage on
   living creatures.
   It affects your dexterity (+3).
   It insulates you from electricity.
Missiles
 d - 14 poisoned darts
 e - 2 curare-tipped darts
 t - 9 boomerangs (quivered)
Armour
 c - a +0 cloak (worn)
 n - +0 steam dragon scales
 p - a +2 buckler of protection (worn)
 D - a +2 robe of magic resistance (worn)
Jewellery
 b - a ring of poison resistance (left hand)
 i - a +4 amulet of reflection (around neck)
 o - an uncursed ring of ice
 F - a ring of stealth (right hand)
 H - a +5 ring of intelligence
Wands
 C - a wand of random effects (19)
 J - a wand of acid (7)
 K - a wand of iceblast (9)
Scrolls
 j - 5 scrolls of remove curse
 k - 4 scrolls of identify
 q - a scroll of fear
 w - 2 scrolls of immolation
 x - 2 scrolls of fog
 y - 3 scrolls of blinking
 z - a scroll of amnesia
 B - 3 scrolls of enchant weapon
Potions
 g - 3 potions of might
 h - a potion of flight
 l - 4 potions of brilliance
 m - 2 potions of haste
 u - 2 potions of cancellation
 v - a potion of curing
 A - 2 potions of heal wounds
 L - a potion of mutation {unknown}
Miscellaneous
 I - a phantom mirror
Comestibles
 f - 10 rations


   Skills:
 * Level 6.9 Fighting
 - Level 10.1 Short Blades
 - Level 10.5 Throwing
 - Level 1.5 Dodging
 + Level 13.7 Stealth
 * Level 4.5 Shields
 - Level 4.0 Hexes
 - Level 7.0 Translocations


You had 8 spell levels left.
You knew the following spells:

 Your Spells              Type           Power        Failure   Level  Hunger
a - Confusing Touch       Hex            #.....       8%          1    ##.....
b - Blink                 Tloc           N/A          3%          2    ###....

Your spell library contained the following spells:

 Spells                   Type           Power        Failure   Level  Hunger
 Gell's Gravitas          Tloc           ###.......   7%          3    ####...
 Slow                     Hex            #.......     12%         2    ###....
 Confuse                  Hex            #.......     22%         3    ####...
 Animate Skeleton         Necr           N/A          36%         1    ##.....
 Flame Tongue             Conj/Fire      #....        36%         1    ##.....
 Magic Dart               Conj           #...         36%         1    ##.....
 Call Imp                 Summ           #.......     52%         2    ###....
 Sublimation of Blood     Necr           #.........   52%         2    ###....
 Conjure Flame            Conj/Fire      #.......     75%         3    ####...
 Mephitic Cloud           Conj/Pois/Air  #.......     75%         3    ####...
 Petrify                  Tmut/Erth      #.......     98%         4    #####..
 Metabolic Englaciation   Hex/Ice        #.........   99%         5    ######.
 Yara's Violent Unravell  Hex/Tmut       #.........   99%         5    ######.
 Borgnjor's Vile Clutch   Necr/Erth      #.........   100%        5    ######.
 Dispel Undead            Necr           #.......     100%        5    ######.
 Bolt of Fire             Conj/Fire      #.........   100%        6    #######


Dungeon Overview and Level Annotations

Branches:
Dungeon (11/15)            Temple (0/1) D:5            Lair (0/6) D:10
 Bailey (1/1)
    Orc: D:9-12

Altars:
Ashenzari
Dithmenos
Fedhas
Gozag
Kikubaaqudgha
Okawaru
Qazlal
Ru
The Shining One

Shops:
D:11 (

Portals:
Trove: D:11 (give +4 ice dragon scales)

Annotations:
D:6 3 runed translucent doors, CloudEater's ghost, novice GrEE
D:10 3 runed translucent doors, exclusion: obsidian statue


Innate Abilities, Weirdness & Mutations

You are very small and have problems with some larger weapons.
You are too small for most types of armour.
You have supernaturally acute eyesight. (SInv)
You are a herbivore.
You cover ground extremely quickly.
You need to consume almost no food.


Message History

Aim: an orc knight, wielding a +0 halberd and wearing a +0 plate armour (moderately wounded, poisoned, chance to blind on hit: 66%)
You throw an atropa-tipped dart.
The atropa-tipped dart barely misses the orc knight.
The atropa-tipped dart closely misses the orc knight.
You hear a splash.
The orc knight roars a battlecry!
The orc knight goes into a battle-frenzy!
You hit the orc knight but do no damage.
The orc knight is moderately wounded.
The orc knight hits you with a +0 halberd!!
You hit the orc knight but do no damage.
The orc knight looks as sick as possible!
The orc knight is moderately wounded.
You completely miss the orc knight.
The orc knight is heavily wounded.
The orc knight hits you from afar with a +0 halberd!
* * * LOW HITPOINT WARNING * * *
The orc knight hits you from afar with a +0 halberd!!
Ouch! That really hurt!
You die...

## ### ### ##.#
#########\###########.##
#...##.....##...##.....##...#
#(.o#..≈≈≈[.#...#.[≈≈≈..#...#
#:..#(≈≈.≈≈.......≈≈[≈≈.#..(#
#..o((≈.\[≈.[...[.≈(\.≈.'...#
#..o#.≈≈.≈≈..oo.@.≈≈.≈≈.#...#
#...#..≈≈≈..#.[[#..≈≈≈..#..[#
#)..##..(..##.\.##.[...##...#
##.# #########\###########.##
## ### ###


You could see 2 orc knights.

Vanquished Creatures
  Erolcha (D:10)
  A hydra (D:9)
  A two-headed ogre (D:8)
  4 skeletal warriors (D:11)
  2 orc knights (Bailey)
  A cyclops (D:11)
  Psyche (D:11)
  A queen bee (D:9)
  2 dream sheep (D:9)
  5 hippogriffs
  Sigmund (D:3)
  9 yaks
  A steam dragon (D:7)
  3 sky beasts
  3 ice beasts
  11 orc warriors
  2 black bears
  2 ogres
  9 centaurs
  A necrophage (D:7)
  An eye of draining (D:9)
  4 big kobolds
  7 bullfrogs
  2 gnoll sergeants
  A wyvern zombie (D:9)
  3 scorpions
  29 killer bees
  6 wights
  A crimson imp (D:7)
  A quasit (D:7)
  7 orc priests
  6 hounds
  5 jellies
  9 orc wizards
  A bullfrog skeleton (D:6)
  Crazy Yiuf (D:2)
  4 centaur skeletons
  Natasha (thrice) (D:2)
  4 iguanas
  10 worker ants
  Robin (D:3)
  10 gnolls
  20 adders
  3 shadow imps
  An adder skeleton (D:9)
  An adder zombie (D:9)
  4 worms
  2 dart slugs
  6 leopard geckos
  58 orcs
  A ball python (D:7)
  5 giant cockroaches
  12 goblins
  8 hobgoblins
  3 jackals (D:1)
  5 quokkas
  5 bats
  4 frilled lizards
  11 kobolds
  3 leopard gecko skeletons
  2 quokka skeletons
  7 rats
  A fungus (D:2)
339 creatures vanquished.

Vanquished Creatures (collateral kills)
  3 orcs (D:7)
3 creatures vanquished.

Vanquished Creatures (others)
  23 plants (D:9)
23 creatures vanquished.

Grand Total: 365 creatures vanquished

Notes
Turn   | Place    | Note
-------+----------+-------------------------------------------
     0 | D:1      | MrRokkomies the Spriggan Assassin began the quest for the
                  | Orb.
     0 | D:1      | Reached XP level 1. HP: 10/10 MP: 2/2
   109 | D:1      | Reached skill level 6 in Stealth
   271 | D:1      | Reached XP level 2. HP: 14/14 MP: 3/3
   921 | D:2      | Noticed Natasha
   928 | D:2      | Killed Natasha
   928 | D:2      | Reached XP level 3. HP: 18/18 MP: 4/4
   948 | D:2      | Found an iron altar of Okawaru.
   961 | D:2      | Reached XP level 4. HP: 16/22 MP: 5/5
   964 | D:2      | Became a worshipper of Warmaster Okawaru
  1126 | D:2      | Noticed Natasha
  1145 | D:2      | Killed Natasha
  1507 | D:2      | Found a blossoming altar of Fedhas.
  1652 | D:2      | Noticed Natasha
  1664 | D:2      | Killed Natasha
  1664 | D:2      | Reached XP level 5. HP: 25/25 MP: 6/6
  1766 | D:2      | Found a runed translucent door.
  1767 | D:2      | Noticed Crazy Yiuf
  1775 | D:2      | Killed Crazy Yiuf
  2033 | D:3      | Reached skill level 7 in Stealth
  2317 | D:3      | Noticed Sigmund
  2339 | D:3      | Reached * piety under Okawaru
  2663 | D:3      | Killed Sigmund
  2663 | D:3      | Reached skill level 5 in Short Blades
  2663 | D:3      | Reached XP level 6. HP: 30/30 MP: 7/7
  2802 | D:3      | Found a shattered altar of Ashenzari.
  2803 | D:3      | Noticed Robin
  2863 | D:3      | Killed Robin
  4040 | D:4      | Reached skill level 5 in Throwing
  4100 | D:4      | Reached XP level 7. HP: 17/33 MP: 8/8
  4525 | D:4      | Reached skill level 8 in Stealth
  4584 | D:4      | Reached ** piety under Okawaru
  5352 | D:5      | Entered Level 5 of the Dungeon
  5861 | D:5      | Found a staircase to the Ecumenical Temple.
  5977 | D:5      | Found a sacrificial altar of Ru.
  6271 | D:5      | Reached XP level 8. HP: 27/37 MP: 9/9
  6284 | D:5      | Found a stormy altar of Qazlal.
  6571 | D:5      | Found an opulent altar of Gozag.
  6685 | D:5      | Reached skill level 9 in Stealth
  7783 | D:6      | Found a runed translucent gate.
  7783 | D:6      | Found a runed translucent gate.
  7783 | D:6      | Found a runed translucent gate.
  7785 | D:6      | Noticed CloudEater's ghost (novice GrEE)
  7800 | D:6      | Learned a level 1 spell: Confusing Touch
  8169 | D:6      | Reached skill level 1 in Hexes
  8180 | D:6      | Found an ancient bone altar of Kikubaaqudgha.
  8412 | D:6      | Reached *** piety under Okawaru
  9134 | D:6      | Reached XP level 9. HP: 21/41 MP: 10/10
  9796 | D:7      | Reached skill level 10 in Stealth
  9874 | D:7      | HP: 2/61 [hippogriff (4)]
  9876 | D:7      | Reached **** piety under Okawaru
 10773 | D:7      | Received a gift from Okawaru
 12192 | D:8      | Reached skill level 11 in Stealth
 12332 | D:8      | Noticed a two-headed ogre
 12352 | D:8      | Killed a two-headed ogre
 12352 | D:8      | Reached skill level 10 in Short Blades
 12352 | D:8      | Reached XP level 10. HP: 46/46 MP: 11/11
 12573 | D:8      | Reached ***** piety under Okawaru
 12741 | D:8      | Learned a level 2 spell: Blink
 12809 | D:8      | Identified the Reference Book on Blistering Dark Arts
 13272 | D:9      | Reached skill level 1 in Translocations
 14055 | D:9      | Received a gift from Okawaru
 14417 | D:9      | Noticed a two-headed hydra
 14419 | D:9      | Reached skill level 10 in Throwing
 14421 | D:9      | Killed a two-headed hydra
 14421 | D:9      | Reached skill level 12 in Stealth
 15821 | D:9      | Found a glowing golden altar of the Shining One.
 16025 | D:9      | Reached XP level 11. HP: 35/54 MP: 12/12
 16613 | D:10     | Entered Level 10 of the Dungeon
 16650 | D:10     | Noticed Erolcha
 16659 | D:10     | Killed Erolcha
 16659 | D:10     | Reached skill level 1 in Shields
 16927 | D:10     | Reached skill level 5 in Translocations
 16945 | D:10     | Reached skill level 5 in Fighting
 16961 | D:10     | Found a staircase to the Lair.
 17253 | D:10     | Found a runed translucent door.
 17269 | D:10     | Found a runed translucent door.
 17280 | D:10     | Found a runed translucent door.
 17291 | D:10     | Found a runed translucent door.
 17569 | D:10     | Noticed an obsidian statue
 17886 | D:11     | Found a shadowy altar of Dithmenos.
 17987 | D:11     | Found Fuadie's Antique Weapon Emporium.
 17992 | D:11     | Bought a glowing rapier for 217 gold pieces
 17992 | D:11     | Bought a faintly glowing dagger for 217 gold pieces
 17993 | D:11     | Identified the cursed +1 dagger of the Coward {pain, rElec
                  | Dex+3} (You bought it in a shop on level 11 of the Dungeon)
 18004 | D:11     | Reached skill level 13 in Stealth
 18006 | D:11     | Noticed a skeletal warrior
 18006 | D:11     | Noticed a skeletal warrior
 18006 | D:11     | Noticed a skeletal warrior
 18160 | D:11     | Found a portal to a secret trove of treasure.
 18405 | D:11     | Killed a skeletal warrior
 18410 | D:11     | Killed a skeletal warrior
 18410 | D:11     | Received a gift from Okawaru
 18415 | D:11     | Killed a skeletal warrior
 18416 | D:11     | Noticed a skeletal warrior
 18419 | D:11     | Killed a skeletal warrior
 18433 | D:11     | Found a flagged portal.
 18437 | D:11     | Noticed Psyche
 18452 | D:11     | Killed Psyche
 18458 | D:11     | Noticed an unseen horror
 18463 | Bailey   | Entered a bailey
 18477 | Bailey   | Noticed an orc knight
 18489 | Bailey   | Killed an orc knight
 18489 | Bailey   | Reached ****** piety under Okawaru
 18489 | Bailey   | Reached XP level 12. HP: 35/62 MP: 13/13
 19083 | Bailey   | Demolished by an orc knight

Levels and vault maps discovered:
D:1:      minmay_arrival_loop, layout_loops_ring, minmay_door_square,
          st_stairs_9, solitary_fountain
D:2:      layout_rooms, okawaru_gym_becter, fedhas_altar_3, first_ration,
          grunt_decor_cap, uniq_crazy_yiuf_cottage, uniq_natasha
D:3:      cheibrodos_helix_gallery, layout_basic, grunt_ministairs_8,
          st_stairs_11, evilmike_ruin_ashenzari, uniq_robin, uniq_sigmund
D:4:      layout_basic, serial_forest, infiniplex_forest_lined_3_way,
          infiniplex_forest_lined_room_2, infiniplex_forest_lined_4_way,
          infiniplex_forest_clump_medium, infiniplex_forest_clump_diagonal,
          infiniplex_forest_clump_long, infiniplex_forest_lined_3
D:5:      layout_basic, grunt_gozag_statues,
          nicolae_ru_great_annihilating_truth, temple_statues, basic_altar,
          serial_bayou_lagoon_b
D:6:      layout_basic, kiku_gazebo_garden_becter, ebering_ghost_rock_garden,
          cheibrodos_sewer_entry_bend
D:7:      layout_cave_pools, nicolae_underground_beach
D:8:      layout_rooms, serial_rivers, chequers_serial_rivers_small_a,
          chequers_serial_rivers_marsh, chequers_serial_rivers_micro_b,
          chequers_serial_rivers_large_b
D:9:      layout_long_grid, tso_oasis_becter, hangedman_ranch
          [blue_anna_fruit_fields], minmay_misc_feat_tower,
          nicolae_looking_at_the_future
D:10:     layout_loops_ring, lair_entry_dummy, minmay_statue_crystal_thing,
          uniq_erolcha
D:11:     layout_loops_ring, hiddenorc1_lemuel, enter_bailey_2, serial_shops,
          shop, enter_trove_0, nicolae_dithmenos_the_darkroom, uniq_psyche
Bailey:   bailey_polearm_4, bailey

Skill      XL: |  1  2  3  4  5  6  7  8  9 10 11 |
---------------+----------------------------------+-----
Stealth        | 6 7 8 9 11 12 13 | 13.7
Short Blades   | 3 4 5 6 8 10 | 10.1
Throwing       | 3 4 5 6 7 9 10 | 10.5
Hexes          | 2 4 |  4.0
Fighting       | 4 6 |  6.9
Translocations | 4 7 |  7.0
Shields        | 4 |  4.5
Dodging        | |  1.5

Action                   |  1- 3 |  4- 6 |  7- 9 | 10-12 || total
-------------------------+-------+-------+-------+-------++-------
Melee: Dagger            |    51 |   225 |   401 |   574 ||  1251
       Rapier            |       |       |       |    24 ||    24
Throw: Dart              |     2 |    46 |   103 |    69 ||   220
       Boomerang         |       |       |    82 |    99 ||   181
 Cast: Confusing Touch   |       |       |     2 |       ||     2
Evoke: Wand              |       |       |       |     2 ||     2
  Use: Scroll            |     5 |     7 |     7 |     2 ||    21
       Potion            |       |     1 |     6 |     2 ||     9
 Stab: Sleeping          |     6 |    15 |    18 |    39 ||    78
       Confused          |       |       |     2 |       ||     2
       Distracted        |       |       |     1 |     1 ||     2
       Invisible         |       |       |       |    11 ||    11
  Eat: Ration            |       |       |     5 |     4 ||     9
Armor: Robe              |    11 |    23 |    20 |    29 ||    83
       Skin              |       |       |     7 |       ||     7
       Steam dragon scal |       |       |     5 |    10 ||    15
Dodge: Dodged            |    40 |   150 |   203 |   235 ||   628
Block: Buckler           |       |       |       |    56 ||    56
       Reflection        |       |       |       |     3 ||     3

Table legend:
 A = Non-vault XP
 B = Vault XP
 C = Vault XP percentage of total XP
 D = Non-vault monster count
 E = Vault monster count
 F = Vault count percentage of total count
                 A         B        C        D         E       F
            +---------+---------+-------+---------+---------+-------
      Total |   15996 |    7279 |  31.3 |     261 |      80 |  23.5
            +---------+---------+-------+---------+---------+-------
        D:1 |      19 |       4 |  17.4 |      11 |       3 |  21.4
        D:2 |     154 |      77 |  33.3 |      13 |       2 |  13.3
        D:3 |     145 |     292 |  66.8 |      31 |      19 |  38.0
        D:4 |     261 |       0 |   0.0 |      15 |       0 |   0.0
        D:5 |     750 |      58 |   7.2 |      18 |       4 |  18.2
        D:6 |    1179 |       5 |   0.4 |      28 |       1 |   3.4
        D:7 |    1912 |       0 |   0.0 |      36 |       0 |   0.0
        D:8 |    1703 |       0 |   0.0 |      21 |       0 |   0.0
        D:9 |    1534 |    3171 |  67.4 |      33 |      20 |  37.7
       D:10 |    2861 |    1032 |  26.5 |      21 |       1 |   4.5
       D:11 |    5478 |     619 |  10.2 |      34 |      15 |  30.6
     Bailey |       0 |    2021 | 100.0 |       0 |      15 | 100.0
            +---------+---------+-------+---------+---------+-------
